 Dungeon Crawl Stone Soup version 0.30.0-30-g96aa6591b8 (webtiles) character file.

Game seed: 14411787919103075974

17377 cheesebisquit the Fighter (level 12, -4/98 HPs)
             Began as a Djinni Ice Elementalist on June 29, 2023.
             Was a Believer of Makhleb.
             Slain by a centaur warrior simulacrum (36 damage)
             ... on level 9 of the Dungeon.
             The game lasted 00:41:30 (12386 turns).

cheesebisquit the Fighter (DjIE)                   Turns: 12386, Time: 00:41:31

Health: -4/98      AC: 17    Str:  7    XL:     12   Next: 81%
Gold:   35         EV: 11    Int: 28    God:    Makhleb [**....] SH:  5 Dex: 14

rFire   + + .        k - +5 dagger (venom)
rCold   x . .        e - +0 buckler
rNeg    + . .        K - +1 leather armour {rPois}
rPois   ∞            y - +1 helmet
rElec   .            (no cloak)
rCorr   .            x - +2 pair of gloves
SInv    .            (boots unavailable)
Will    +....        p - amulet of regeneration
Stlth   ++           c - ring of positive energy
HPRegen 1.16/turn    a - +6 ring of intelligence
MPRegen 0.00/turn

%: infuse magic (-5 HP)
@: ice-armoured, flying, hasted, very quick
A: sickness immunity, fire resistance 2, cold vulnerability 1, float, innate
caster, HP casting, extra vitality 1
a: Renounce Religion, Minor Destruction


You were on level 9 of the Dungeon.
You worshipped Makhleb.
Makhleb was pleased with you.
You visited 2 branches of the dungeon, and saw 13 of its levels.

You collected 855 gold pieces.
You spent 820 gold pieces at shops.

Inventory:

Hand Weapons
 k - a +5 dagger of venom (weapon)
Missiles
 F - 3 throwing nets
Armour
 e - a +0 buckler (worn)
 u - a +0 tower shield
 x - a +2 pair of gloves (worn)
 y - a +1 helmet (worn)
 K - a +1 leather armour of poison resistance (worn)
Magical Staves
 M - a staff of cold
Jewellery
 a - a +6 ring of intelligence (right hand)
 c - a ring of positive energy (left hand)
 p - an amulet of regeneration (around neck)
 w - an amulet of reflection
 G - an amulet of faith
 L - a ring of resist corrosion
Wands
 j - a wand of flame (42)
 s - a wand of charming (13)
 B - a wand of roots (7)
 H - a wand of digging (2)
Scrolls
 b - 3 scrolls of magic mapping
 d - a scroll of fog
 f - 8 scrolls of teleportation
 i - 5 scrolls of poison
 n - 2 scrolls of vulnerability
 t - a scroll of butterflies
 z - 2 scrolls of immolation
 A - 3 scrolls of fear
 C - a scroll of acquirement {unknown}
 J - a scroll of torment {unknown}
Potions
 g - 2 potions of might
 h - 4 potions of ambrosia
 l - a potion of berserk rage
 m - a potion of lignification
 q - 7 potions of brilliance
 r - 2 potions of haste
 v - 3 potions of cancellation
 D - a potion of invisibility
 E - 2 potions of mutation


   Skills:
 + Level 13.0 Fighting
 - Level 2.1 Dodging
 - Level 1.5 Stealth
 - Level 5.0 Shields
 + Level 10.7 Spellcasting
 + Level 6.3 Invocations


You knew the following spells:

 Your Spells              Type           Power      Damage    Failure   Level
a - Freeze                Ice            100%       1d10      1%          1
b - Frozen Ramparts       Ice            100%       1d16      1%          3
c - Ozocubu's Armour      Ice            66%        N/A       1%          3
d - Summon Ice Beast      Ice/Summ       66%        N/A       1%          4
e - Shock                 Conj/Air       100%       1d9       1%          1
f - Passwall              Tmut/Erth      55%        N/A       1%          2
g - Stone Arrow           Conj/Erth      100%       3d13      1%          3
h - Inner Flame           Hex/Fire       66%        N/A       1%          3
i - Anguish               Hex/Necr       33%        N/A       1%          4
Your spell library was empty.

Dungeon Overview and Level Annotations

Branches:
Dungeon (12/15)            Temple (1/1) D:5            Lair (0/5) D:8
    Orc (0/2) D:10

Altars:
Ashenzari
Cheibriados
Dithmenos
Elyvilon
Fedhas
Gozag
Hepliaklqana
Makhleb
Nemelex Xobeh
Okawaru
Qazlal
Ru
Trog
Uskayaw
Wu Jian
Xom
Yredelemnul
Zin
The Shining One

Shops:
D:5 ?   D:7 :   D:9 !   D:10 [

Portals:
Trove: D:11 (give +3 ice dragon scales)


Innate Abilities, Weirdness & Mutations

You are immune to sickness and miasma.
You are immune to poison.
Your flesh is very heat resistant. (rF++)
You are vulnerable to cold. (rC-)
You float through the air rather than walking.
You learn spells naturally, not from books.
Your magical power is your life essence.
You have superior vitality. (+4 MHP)


Message History

You block the spectral centaur warrior's attack.
The centaur warrior simulacrum hits you but does no damage.
The centaur warrior simulacrum kicks you but does no damage.
Your ice beast hits the spectral centaur warrior but does no damage.
Casting: Stone Arrow (safe; 1% risk of failure)
Confirm with . or Enter, or press ? or * to list all spells.
Aiming: Stone Arrow (safe; 1% risk of failure)
Press: ? - help, Shift-Dir - straight line, f - centaur warrior simulacrum
Aim: a centaur warrior simulacrum (98% to hit)
The stone arrow hits the centaur warrior simulacrum!
The centaur warrior simulacrum is heavily damaged.
The spectral centaur warrior hits you but does no damage.
The spectral centaur warrior kicks you but does no damage.
The centaur warrior simulacrum hits you!
The centaur warrior simulacrum freezes you!
You feel a terrible chill!
* * * LOW HITPOINT WARNING * * *
You block the centaur warrior simulacrum's attack.
Your ice beast hits the spectral centaur warrior but does no damage.
You feel better.
The spectral centaur warrior hits you but does no damage.
The spectral centaur warrior kicks you but does no damage.
The centaur warrior simulacrum closely misses you.
The centaur warrior simulacrum misses you.
The spectral centaur warrior hits you but does no damage.
The spectral centaur warrior kicks you but does no damage.
Your ice beast hits the spectral centaur warrior but does no damage.
Okay, then.
Your icy armour will break if you move.
Continue?
Okay, then.
You feel yourself speed up.
You block the centaur warrior simulacrum's attack.
The centaur warrior simulacrum misses you.
The spectral centaur warrior hits you.
The spectral centaur warrior kicks you but does no damage.
You block the centaur warrior simulacrum's attack.
The centaur warrior simulacrum kicks you.
The centaur warrior simulacrum freezes you!!!
You feel a terrible chill!
You die...

#.............#....'....
##########....######....
#..#.#..#....# #####
##.$:$.####### #.......###
#### ##.....##.# #...
#.......#'##### #...
###''Z###.....# ###...
#.....@.......# #.....
###....ZY.>.....# ##.#...
####...............###..#...
#.............<....'...##...
#..................######...
#..#########.###+### #...
#..#.......#.....# ####
#......_...#.#'###
##.#.......#.....#


You could see a spectral centaur warrior (ally target), a centaur warrior
simulacrum and a friendly ice beast (summoned).

Vanquished Creatures
  A hydra (D:12)
  Erolcha (D:9)
  Harold (D:9)
  A centaur warrior (D:12)
  A boulder beetle (D:11)
  2 two-headed ogres
  A tengu warrior (D:12)
  The ghost of booth the Stinger, a novice DsVM of Vehumet (D:9)
  Nergalle (D:10)
  Pikel (D:9)
  A deep elf pyromancer (D:12)
  A cyclops (D:12)
  A manticore (D:11)
  A centaur zombie (D:9)
  A gargoyle (D:12)
  A komodo dragon (D:11)
  4 trolls
  Grinder (D:3)
  A hornet (D:10)
  3 centaur simulacra (D:9)
  5 slime creatures (D:12)
  3 wyverns
  5 wraiths
  11 yaks
  2 vampire mosquitoes (D:12)
  The ghost of LustLizard the Insei, an amateur DgTm (D:3)
  3 water moccasins
  An acid dragon (D:12)
  2 orc warriors
  A black bear (D:7)
  2 ice beasts
  2 sky beasts
  6 centaurs
  An ogre (D:6)
  A phantom (D:4)
  A kobold brigand (D:7)
  A bullfrog (D:7)
  2 scorpions
  3 wights (D:9)
  5 howler monkeys
  5 hounds
  A jelly (D:7)
  3 orc priests
  An iguana (D:5)
  6 orc wizards
  A statue (D:9)
  4 gnolls (D:4)
  3 adders
  3 dart slugs
  19 orcs
  7 ball pythons
  3 bats
  5 endoplasms
  A giant cockroach (D:3)
  7 goblins
  11 hobgoblins
  2 jackals (D:3)
  2 quokkas
  3 frilled lizards
  14 kobolds
  6 rats
191 creatures vanquished.

Vanquished Creatures (collateral kills)
  2 yaks (D:10)
  A basilisk (D:9)
  A steam dragon (D:10)
4 creatures vanquished.

Grand Total: 195 creatures vanquished

Notes
Turn   | Place    | Note
-------+----------+-------------------------------------------
     0 | D:1      | cheesebisquit the Djinni Ice Elementalist began the quest
                  | for the Orb.
     0 | D:1      | cheesebisquit set off with the following spells memorised:
                  | Freeze, Frozen Ramparts, Ozocubu's Armour, Summon Ice
                  | Beast.
     0 | D:1      | Reached XP level 1. HP: 15/15 MP: 0/0
   136 | D:1      | Reached XP level 2. HP: 17/22 MP: 0/0
   170 | D:1      | Reached skill level 1 in Fighting
   497 | D:1      | Reached XP level 3. HP: 19/27 MP: 0/0
   497 | D:1      | Learned a level 1 spell: Shock
  1241 | D:2      | Reached skill level 2 in Fighting
  1809 | D:3      | Noticed Grinder
  1921 | D:3      | Paralysed by Grinder for 3 turns
  1931 | D:3      | Paralysed by Grinder for 3 turns
  1939 | D:3      | Paralysed by Grinder for 3 turns
  1954 | D:3      | Killed Grinder
  1955 | D:3      | Reached skill level 3 in Fighting
  1955 | D:3      | Reached XP level 4. HP: 8/37 MP: 0/0
  1955 | D:3      | Reached XP level 5. HP: 9/41 MP: 0/0
  1955 | D:3      | Learned a level 2 spell: Passwall
  1955 | D:3      | Reached XP level 6. HP: 10/47 MP: 0/0
  2102 | D:3      | Found a transporter.
  2341 | D:3      | Found a faded altar of an unknown god.
  2424 | D:3      | Reached skill level 4 in Fighting
  2480 | D:3      | Found an ornate altar of the Wu Jian Council.
  2480 | D:3      | Found a burning altar of Makhleb.
  2491 | D:3      | Became a worshipper of Makhleb the Destroyer
  2520 | D:3      | Noticed LustLizard's ghost (amateur DgTm)
  2754 | D:3      | Found a transporter.
  3117 | D:4      | HP: 2/47 [phantom (2)]
  3507 | D:4      | Reached XP level 7. HP: 44/53 MP: 0/0
  3507 | D:4      | Learned a level 3 spell: Stone Arrow
  3712 | D:4      | Reached skill level 5 in Spellcasting
  4157 | D:5      | Entered Level 5 of the Dungeon
  4168 | D:5      | Found Dudy's Magic Scroll Boutique.
  4231 | D:5      | Found a staircase to the Ecumenical Temple.
  4251 | Temple   | Entered the Ecumenical Temple
  4500 | D:5      | Reached skill level 5 in Fighting
  5042 | D:5      | Found a bloodstained altar of Trog.
  5043 | D:5      | Reached * piety under Makhleb
  5168 | D:5      | Bought a scroll of immolation for 44 gold pieces
  5168 | D:5      | Bought a scroll of fear for 44 gold pieces
  5168 | D:5      | Bought a scroll of magic mapping for 82 gold pieces
  5168 | D:5      | Bought a scroll of enchant weapon for 82 gold pieces
  5168 | D:5      | Bought a scroll of identify for 22 gold pieces
  5212 | D:5      | Found a sacrificial altar of Ru.
  5391 | D:5      | Reached XP level 8. HP: 50/61 MP: 0/0
  5693 | D:6      | Reached skill level 6 in Fighting
  6397 | D:7      | Found Guimiz's Book Shop.
  6556 | D:7      | Reached skill level 7 in Fighting
  6670 | D:7      | Reached XP level 9. HP: 60/68 MP: 0/0
  6670 | D:7      | Learned a level 3 spell: Inner Flame
  6715 | D:7      | Found a shadowy altar of Dithmenos.
  7339 | D:8      | Reached skill level 8 in Fighting
  7429 | D:8      | Noticed a two-headed ogre
  7442 | D:8      | Killed a two-headed ogre
  7624 | D:8      | Found a staircase to the Lair.
  8111 | D:8      | Reached skill level 9 in Fighting
  8228 | D:9      | Found a runed translucent gate.
  8228 | D:9      | Found a runed translucent gate.
  8228 | D:9      | Found a runed translucent gate.
  8236 | D:9      | Reached XP level 10. HP: 75/78 MP: 0/0
  8249 | D:9      | Noticed a spectral centaur warrior
  8346 | D:9      | Found Kebiahas's Distillery.
  8346 | D:9      | Noticed Erolcha
  8362 | D:9      | Killed Erolcha
  8418 | D:9      | Noticed Pikel
  8424 | D:9      | Killed Pikel
  8425 | D:9      | Reached skill level 10 in Fighting
  8515 | D:9      | Bought a potion of curing for 39 gold pieces
  8515 | D:9      | Bought a potion of heal wounds for 65 gold pieces
  8515 | D:9      | Bought a potion of invisibility for 104 gold pieces
  8519 | D:9      | Found a basalt altar of Yredelemnul.
  8635 | D:9      | Reached ** piety under Makhleb
  8817 | D:9      | Bought a potion of mutation for 104 gold pieces
  8838 | D:9      | Noticed Harold
  8844 | D:9      | Killed Harold
  8845 | D:9      | Reached skill level 11 in Fighting
  8845 | D:9      | Reached XP level 11. HP: 51/87 MP: 0/0
  8845 | D:9      | Learned a level 4 spell: Anguish
  9230 | D:9      | Noticed booth's ghost (novice DsVM)
  9236 | D:10     | Entered Level 10 of the Dungeon
  9333 | D:10     | Found a staircase to the Orcish Mines.
  9393 | D:10     | Noticed Nergalle
  9715 | D:10     | Found Fepser's Armour Shop.
  9818 | D:10     | Reached skill level 1 in Shields
 10093 | D:10     | Killed Nergalle
 10094 | D:10     | Reached skill level 1 in Invocations
 10386 | D:11     | Noticed a manticore
 10389 | D:11     | Killed a manticore
 10507 | D:11     | Noticed a boulder beetle
 10513 | D:11     | Killed a boulder beetle
 10802 | D:11     | Reached skill level 12 in Fighting
 10805 | D:11     | Reached skill level 10 in Spellcasting
 10827 | D:11     | Found a portal to a secret trove of treasure.
 11106 | D:12     | Noticed a centaur warrior
 11124 | D:12     | Killed a centaur warrior
 11125 | D:12     | Reached XP level 12. HP: 31/95 MP: 0/0
 11152 | D:12     | Noticed a two-headed ogre
 11162 | D:12     | Killed a two-headed ogre
 11374 | D:12     | Noticed an eight-headed hydra
 11380 | D:12     | Killed an eight-headed hydra
 11381 | D:12     | Reached skill level 5 in Shields
 11381 | D:12     | Reached skill level 5 in Invocations
 11597 | D:12     | Found a stormy altar of Qazlal.
 11839 | D:12     | Noticed a tengu warrior
 11856 | D:12     | Killed a tengu warrior
 12022 | D:9      | Bought a potion of cancellation for 104 gold pieces
 12022 | D:9      | Bought a potion of haste for 130 gold pieces
 12154 | D:3      | Killed LustLizard's ghost
 12372 | D:9      | Killed booth's ghost
 12376 | D:9      | HP: 3/96 [centaur warrior simulacrum (39)]
 12377 | D:9      | Reached skill level 13 in Fighting
 12386 | D:9      | Slain by a centaur warrior simulacrum

Illustrated notes

Levels and vault maps discovered:
D:1:      minmay_arrival_cross, layout_loops_cross, minmay_tetromino_o2
D:2:      layout_loops_ring
D:3:      layout_basic, grunt_temple_overflow_open,
          shapermc_ecumenical_altar_mp_highgroup, gammafunk_ghost_arena,
          uniq_grinder
D:4:      layout_loops_corners, mainiacjoe_overflow_six_doors_small,
          serial_rivers, chequers_serial_rivers_large_b,
          chequers_serial_rivers_small_3, chequers_serial_rivers_small_b,
          chequers_serial_rivers_small_a, chequers_serial_rivers_micro_a
D:5:      layout_loops_ring, nicolae_ru_awakened_eye, trog_hazing_becter,
          minmay_temple_entry_stoned_glass, serial_shops,
          nicolae_shop_tiny_glass, minmay_misc_feat_x
D:6:      layout_loops_ring
D:7:      layout_basic, nicolae_dithmenos_through_a_glass_darkly, serial_shops,
          nicolae_book_shop_shelving
D:8:      layout_loops_corners, lair_entry_dummy
D:9:      layout_roguey, mainiacjoe_overflow_catwalk, vehumet_statue,
          gammafunk_ghost_necromancy, serial_shops,
          nicolae_shop_industrial_runoff, uniq_pikel, uniq_harold, uniq_erolcha
D:10:     layout_stronghold, orc_0_dummy, serial_shops, shop, uniq_nergalle
D:11:     layout_loops_ring, nicolae_trove_entry_isolated
D:12:     layout_gridville, grunt_qazlal_clouds
Temple:   dpeg_chambers_temple

Skill      XL: |  1  2  3  4  5  6  7  8  9 10 11 12 |
---------------+-------------------------------------+-----
Fighting       | 1 3 4 5 7 9 11 12 13 | 13.0
Spellcasting   | 4 5 6 7 9 10 | 10.7
Shields        | 4 5 |  5.0
Invocations    | 4 6 |  6.3
Dodging        | |  2.1
Stealth        | |  1.5

Action                     |  1- 3 |  4- 6 |  7- 9 | 10-12 || total
---------------------------+-------+-------+-------+-------++-------
  Melee: Unarmed           |     1 |       |       |       ||     1
         Dagger            |       |    36 |    41 |    10 ||    87
   Cast: Freeze            |    29 |    10 |     4 |       ||    43
         Shock             |    40 |    25 |    86 |    68 ||   219
         Frozen Ramparts   |     7 |     7 |    26 |    32 ||    72
         Ozocubu's Armour  |     5 |    10 |    23 |    31 ||    69
         Stone Arrow       |       |       |    13 |   119 ||   132
         Inner Flame       |       |       |       |     4 ||     4
         Summon Ice Beast  |       |       |       |    11 ||    11
         Anguish           |       |       |       |     7 ||     7
 Invoke: Minor Destruction |       |       |       |     1 ||     1
    Use: Scroll            |       |     9 |    10 |     8 ||    27
         Potion            |       |     3 |     1 |    13 ||    17
 Armour: Robe              |     7 |    24 |    32 |    18 ||    81
         Leather armour    |       |       |       |   126 ||   126
  Dodge: Dodged            |    22 |    29 |    42 |    98 ||   191
  Block: Other             |       |       |     2 |     6 ||     8
         Buckler           |       |       |       |    55 ||    55
